 Dungeon Crawl Stone Soup version 0.20.1-1-g8b1a95d (webtiles) character file.

508 HaraKiri the Chopper (level 6, -9/70 HPs)
             Began as a Demonspawn Berserker on Dec 10, 2017.
             Was a Believer of Trog.
             Mangled by an orc warrior
             ... wielding a cursed -1 halberd
              (16 damage)
             ... on level 5 of the Dungeon.
             The game lasted 00:19:08 (4139 turns).

HaraKiri the Chopper (Demonspawn Berserker)         Turns: 4139, Time: 00:19:09

Health: -9/70      AC:  2    Str: 24    XL:     6   Next: 98%
Magic:  6/6        EV: 16    Int:  9    God:    Trog [**....]
Gold:   358        SH:  0    Dex: 12    Spells: 5/5 levels left

rFire    + . .     SeeInvis .   a - +0 hand axe
rCold    . . .     Gourm    .   (no shield)
rNeg     . . .     Faith    .   b - +0 animal skin
rPois    .         Spirit   .   (no helmet)
rElec    .         Reflect  .   (no cloak)
rCorr    .         Harm     .   (no gloves)
MR       .....                  (no boots)
Stlth    ..........             (no amulet)
Regen    0.3/turn               (no ring)
MPRegen  0.1/turn               (no ring)

@: berserking (expiring), very quick
A: repulsion field 1, fire resistance 1
a: Berserk, Trog's Hand, Burn Spellbooks, Renounce Religion


You were on level 5 of the Dungeon.
You worshipped Trog.
Trog was pleased with you.
You were near starving.

You visited 1 branch of the dungeon, and saw 5 of its levels.

You collected 358 gold pieces.

Inventory:

Hand Weapons
 a - a +0 hand axe (weapon)
 i - a +3 spear
 n - a cursed -2 short sword
 t - a cursed -2 flail
Missiles
 k - 91 stones (quivered)
Armour
 b - a +0 animal skin (worn)
 o - a +0 ring mail of fire resistance
Wands
 u - a wand of lightning (11/15)
 w - a wand of paralysis (8/24)
Scrolls
 d - 4 scrolls of identify {unknown}
 e - a scroll of noise {unknown}
 f - a scroll of fog {unknown}
 h - a scroll of magic mapping {unknown}
 j - a scroll of enchant armour {unknown}
 l - 3 scrolls of teleportation {unknown}
 p - a scroll of fear {unknown}
 v - a scroll of remove curse {unknown}
Potions
 g - a potion of ambrosia {unknown}
 m - 3 potions of curing
 q - a potion of might {unknown}
Comestibles
 c - 6 bread rations
 r - 2 meat rations


   Skills:
 - Level 3.0 Fighting
 + Level 5.5 Axes
 - Level 1.7 Armour
 + Level 4.9 Dodging


You had 5 spell levels left.
You didn't know any spells.

Dungeon Overview and Level Annotations

Branches:
Dungeon (5/15)             Temple (0/1) D:4

Altars:
Gozag
Kikubaaqudgha
Ru

Annotations:
D:3 TBC, Grinder


Innate Abilities, Weirdness & Mutations

You are surrounded by a mild repulsion field. (EV +2)
Your flesh is heat resistant. (rF+)


Message History

The centaur is lightly wounded.
You barely miss the hound zombie. The centaur closely misses you.
The hound zombie barely misses you.
The orc warrior hits you from afar with a halberd!!
* * * LOW HITPOINT WARNING * * *
You barely miss the centaur.
The centaur is lightly wounded.
You hit the hound. You closely miss the hound zombie.
The hound barely misses you. The centaur misses you.
The hound zombie bites you.
* * * LOW HITPOINT WARNING * * *
You slash the centaur!
The centaur is severely wounded.
You slash the hound zombie! You slash the hound! The hound bites you.
* * * LOW HITPOINT WARNING * * *
The centaur misses you.
The orc wizard mumbles some strange words.
The orc wizard seems to speed up.
The orc warrior hits you from afar with a halberd!
You die...

##....#....##
#......####
##...(.## #.....##
###.†....#
###........##
#####....)....<.##
[.....o.(.####...#
...)o.h@.## ##..##
.....ocZs# ##..##
..........#
#...#####
>...o.>)...#
##.......
.....)###...#
#....... .....#
#.... #.......#
.....
#.........####
..... ........##
## ......## #.


You could see an orc warrior, a centaur, a scorpion, a hound, an orc wizard, 2
orcs and a hound zombie.

Vanquished Creatures
  An ogre (D:4)
  A water moccasin skeleton (D:3)
  The ghost of Olog the Shield-Bearer, a weakling DDFi (D:3)
  An orc priest (D:3)
  An orc wizard (D:3)
  Natasha (thrice) (D:2)
  2 worker ants
  7 adders
  3 worms
  A dart slug (D:1)
  A leopard gecko (D:4)
  7 orcs
  A giant cockroach (D:3)
  9 hobgoblins
  8 jackals
  9 kobolds
  2 quokkas
  5 ball pythons
  7 bats
  5 frilled lizards
  3 goblins
  A quokka skeleton (D:4)
  4 rats
83 creatures vanquished.

Notes
Turn   | Place    | Note
-------+----------+-------------------------------------------
     0 | D:1      | HaraKiri the Demonspawn Berserker began the quest for the Orb.
     0 | D:1      | Reached XP level 1. HP: 18/18 MP: 1/1
   487 | D:1      | Reached skill level 3 in Axes
   487 | D:1      | Gained mutation: You are surrounded by a mild repulsion field. (EV +2) [demonic ancestry]
   487 | D:1      | Reached XP level 2. HP: 24/24 MP: 2/2
   897 | D:2      | Noticed Natasha
   903 | D:2      | Killed Natasha
   903 | D:2      | Reached XP level 3. HP: 29/29 MP: 3/3
  1318 | D:2      | Reached ** piety under Trog
  1318 | D:2      | Reached XP level 4. HP: 35/35 MP: 4/4
  1647 | D:2      | Noticed Natasha
  1658 | D:2      | Killed Natasha
  1658 | D:2      | Reached skill level 4 in Axes
  1818 | D:2      | Noticed Natasha
  1825 | D:2      | Killed Natasha
  2016 | D:2      | Gained mutation: Your flesh is heat resistant. (rF+) [demonic ancestry]
  2016 | D:2      | Reached XP level 5. HP: 41/41 MP: 5/5
  2050 | D:3      | Noticed Olog's ghost (weakling DDFi)
  2057 | D:3      | Killed Olog's ghost
  2337 | D:3      | Found an ancient bone altar of Kikubaaqudgha.
  2368 | D:3      | Found an opulent altar of Gozag.
  2880 | D:3      | Reached XP level 6. HP: 37/47 MP: 6/6
  3098 | D:3      | Reached skill level 5 in Axes
  3200 | D:3      | Noticed Grinder
  3204 | D:3      | Paralysed by Grinder for 7 turns
  3212 | D:3      | HP: 2/47 [Grinder (3)]
  3595 | D:4      | Found a sacrificial altar of Ru.
  3807 | D:4      | Found a staircase to the Ecumenical Temple.
  3922 | D:5      | Entered Level 5 of the Dungeon
  4132 | D:5      | Noticed an orc warrior
  4139 | D:5      | Mangled by an orc warrior

Skill      XL: |  1  2  3  4  5  6 |
---------------+-------------------+-----
Dodging        | 2 3 4 |  4.9
Axes           | 3 4 5 |  5.5
Fighting       | |  3.0
Armour         | |  1.7

Action                   |  1- 3 |  4- 6 || total
-------------------------+-------+-------++-------
Melee: Hand axe          |    67 |   227 ||   294
Invok: Berserk           |     3 |    10 ||    13
       Trog's Hand       |       |     1 ||     1
  Use: Potion            |       |     1 ||     1
  Eat: Chunk             |     3 |    14 ||    17
       Bread ration      |       |     1 ||     1
Armor: Animal skin       |     7 |    20 ||    27
Dodge: Dodged            |    37 |   207 ||   244
